 Dungeon Crawl Stone Soup version 0.13-a0-2816-gd8154f0 (webtiles) character file.

1456 Misa the Chopper (level 8, -2/75 HPs)
             Began as a Kobold Berserker on Aug 26, 2013.
             Was an Elder of Trog.
             Slain by an orc warrior
             ... wielding a -1,+0 orcish long sword
              (8 damage)
             ... on Level 6 of the Dungeon.
             The game lasted 00:27:23 (6069 turns).

Misa the Chopper (Kobold Berserker)                 Turns: 6069, Time: 00:27:23

HP  -2/75        AC  9     Str 24      XL: 8   Next: 55%
MP   7/7         EV 14     Int  5      God: Trog [****..]
Gold 371         SH  0     Dex 18      Spells:  0 memorised,  7 levels left

Res.Fire  : . . .   See Invis. : .   a - +0 hand axe {=f}
Res.Cold  : . . .   Warding    : .   x - +0 orc leather armour
Life Prot.: . . .   Conserve   : .   (no shield)
Res.Poison: +       Res.Corr.  : .   I - +0 dwarf helmet
Res.Elec. : .       Clarity    : .   t - +0 cloak
Sust.Abil.: . .     Spirit.Shd : .   m - +1 pair of gauntlets
Res.Mut.  : .       Stasis     : .   i - +0 pair of boots
Res.Rott. : .       Flight     : .   (no amulet)
Saprovore : + + .                    q - +4 ring of dexterity
                                     f - ring of poison resistance

@: berserking, very quick, slightly resistant to hostile enchantments, extremely
unstealthy
A: disease resistance, carnivore 3, saprovore 2
a: Burn Spellbooks, Berserk, Trog's Hand, Brothers in Arms, Renounce Religion


You were on level 6 of the Dungeon.
You worshipped Trog.
Trog was extremely pleased with you.
You were very full.

You visited 1 branch of the dungeon, and saw 7 of its levels.

You collected 379 gold pieces.
You spent 28 gold pieces at shops.

Inventory:

Hand weapons
 a - a +0,+0 hand axe (weapon) {=f}
 v - a -1,+1 orcish mace of distortion
Armour
 b - a +0 animal skin
 i - a +0 pair of boots (worn)
 m - a +1 pair of gauntlets (worn)
 t - a +0 cloak (worn)
 x - a +0 orcish leather armour (worn)
 I - a +0 dwarven helmet (worn)
Magical devices
 k - a wand of random effects (7) {unknown}
 s - a wand of slowing (8)
 w - a wand of paralysis (8) {unknown}
 y - a wand of draining (5) {unknown}
 E - a wand of random effects (13) {unknown}
Comestibles
 c - 2 meat rations
 z - a honeycomb
Scrolls
 d - a scroll of random uselessness
 g - 3 scrolls of remove curse {unknown}
 h - a scroll of curse armour {unknown}
 j - 2 scrolls of recharging {unknown}
 l - a scroll of curse jewellery {unknown}
 u - a scroll of identify
 B - a scroll of blinking {unknown}
 C - a scroll of magic mapping {unknown}
 G - 3 scrolls of teleportation {unknown}
 J - a scroll of fog {unknown}
 K - a scroll of enchant weapon II {unknown}
 M - a scroll of amnesia {unknown}
Jewellery
 f - a ring of poison resistance (left hand)
 n - an uncursed ring of sustain abilities
 q - a +4 ring of dexterity (right hand)
 H - an uncursed ring of flight
 L - an uncursed ring of protection from magic
Potions
 e - a potion of brilliance {unknown}
 o - 5 potions of curing {unknown}
 p - 2 potions of restore abilities {unknown}
 r - 2 potions of degeneration {unknown}
 A - a potion of poison {unknown}
 D - a potion of berserk rage {unknown}
 F - a potion of porridge {unknown}


   Skills:
 + Level 6.0 Fighting
 + Level 6.8 Axes
 + Level 3.2 Armour
 - Level 2.4 Dodging
 + Level 4.3 Stealth


You had 7 spell levels left.
You didn't know any spells.

Dungeon Overview and Level Annotations

Branches:
Dungeon (7/27)             Temple (0/1) D:4
    Orc: D:6-11

Altars:
Nemelex Xobeh
Zin

Shops:
D:4 ?+?[   D:6 (%

Annotations:
D:6 Menkaure


Innate Abilities, Weirdness & Mutations

You recuperate from illness quickly.
You are small and have problems with some larger weapons.
You are carnivorous and can eat meat at any time.
You can eat rotten meat.


Message History

You hit the orc warrior.
The orc warrior is lightly wounded.
You hit the orc warrior but do no damage.
The orc warrior is lightly wounded.
The orc warrior closely misses you.
You hit the orc warrior but do no damage.
The orc warrior is lightly wounded.
The orc warrior hits you with an orcish long sword!
* * * LOW HITPOINT WARNING * * *
You hit the orc warrior.
The orc warrior is lightly wounded.
The orc warrior hits you with an orcish long sword!
* * * LOW HITPOINT WARNING * * *
Use which ability? (? or * to list)
A red film seems to cover your vision as you go berserk!
You feel yourself moving faster!
You feel mighty!
You feel somewhat less full.
You hit the orc warrior.
The orc warrior is moderately wounded.
The orc warrior hits you with an orcish long sword!
You die...

. o.. .o.≈
####...≈≈
###.....≈≈.{
#o%.....≈≈.>
#o#.....≈≈..
#@####...≈≈
#....# ...≈
##...## ...
#....## .
####
#.....###
...##########
#.......##
......>.....#
#.........
...########.#
#.........#
...# #.#
#)).......#


You could see an orc warrior and an orc.

Vanquished Creatures
  The ghost of disskorpion the Magician, an experienced DEFE of Jiyva (D:5)
  An orc warrior (D:6)
  A centaur (D:5)
  A phantom (D:4)
  3 hounds
  2 orc priests (D:5)
  Crazy Yiuf (D:2)
  A scorpion (D:4)
  2 worker ants
  5 orc wizards
  An iguana (D:6)
  An ogre skeleton (D:6)
  Terence (D:2)
  An adder (D:2)
  A gnoll (D:1)
  2 worms
  3 oozes
  30 orcs
  13 bats
  A bat skeleton (D:4)
  6 giant cockroaches
  11 hobgoblins
  5 quokkas
  A ball python (D:1)
  3 giant geckos
  8 giant newts
  11 goblins
  10 jackals (D:1)
  6 kobolds
  A quokka skeleton (D:5)
  6 rats
  A rat zombie (D:6)
141 creatures vanquished.

Notes
Turn   | Place    | Note
--------------------------------------------------------------
     0 | D:1      | Misa, the Kobold Berserker, began the quest for the Orb.
     0 | D:1      | Reached XP level 1. HP: 14/14 MP: 0/0
   106 | D:1      | Reached XP level 2. HP: 10/19 MP: 1/1
   522 | D:1      | Acquired Trog's second power
   562 | D:1      | Reached XP level 3. HP: 17/24 MP: 2/2
   687 | D:1      | Reached skill level 4 in Fighting
  1313 | D:2      | Reached XP level 4. HP: 21/29 MP: 3/3
  1395 | D:2      | Noticed Terence
  1403 | D:2      | Killed Terence
  1752 | D:2      | Noticed Crazy Yiuf
  1760 | D:2      | Killed Crazy Yiuf
  1760 | D:2      | Reached XP level 5. HP: 33/33 MP: 4/4
  2142 | D:3      | Reached skill level 1 in Stealth
  2491 | D:3      | Found a sparkling altar of Nemelex Xobeh.
  2794 | D:4      | Noticed a phantom
  2845 | D:4      | Killed a phantom
  2845 | D:4      | Reached XP level 6. HP: 29/39 MP: 5/5
  3034 | D:4      | Found Kloegur's Armour Shop.
  3142 | D:4      | Found Tytoj's Book Shop.
  3151 | D:4      | Reached skill level 5 in Fighting
  3151 | D:4      | Reached skill level 5 in Axes
  3440 | D:4      | Reached XP level 7. HP: 44/44 MP: 6/6
  3498 | D:4      | Found Xuled's Magic Scroll Emporium.
  3515 | D:4      | Found a staircase to the Ecumenical Temple.
  3573 | D:4      | Bought a scroll of identify for 28 gold pieces
  3685 | D:4      | Found Ahahaach's Magic Scroll Boutique.
  3710 | D:5      | Entered Level 5 of the Dungeon
  3711 | D:5      | Noticed disskorpion's ghost (experienced DEFE)
  3732 | D:5      | Killed disskorpion's ghost
  3995 | D:5      | Acquired Trog's third power
  4300 | D:5      | Reached skill level 6 in Axes
  4300 | D:5      | Reached XP level 8. HP: 32/49 MP: 7/7
  4953 | D:5      | Found a glowing silver altar of Zin.
  4953 | D:5      | Noticed an angel
  5167 | D:6      | Found Zehoqash's Food Boutique.
  5167 | D:6      | Noticed Menkaure
  5298 | D:6      | Found Klagh's Antique Weapon Boutique.
  6069 | D:6      | Slain by an orc warrior

Action                   |  1- 3 |  4- 6 |  7- 9 || total
-------------------------+-------+-------+-------++-------
Melee: Hand axe          |   129 |   234 |   283 ||   646
Invok: Berserk           |     3 |     6 |     7 ||    16
       Burn Spellbooks   |       |     1 |     2 ||     3
  Use: Scroll            |       |       |     7 ||     7
 Stab: Sleeping          |       |       |     4 ||     4
       Distracted        |       |       |     1 ||     1
